 Dungeon Crawl Stone Soup version 0.25-a0-576-g50b708a4c4 (webtiles) character file.

Game seed: 753123132928946551, levelgen mode: deterministic

80479 Flugslaktarn the Severer (level 15, -2/140 HPs)
             Began as a Deep Dwarf Fighter on Mar 1, 2020.
             Was the Champion of Makhleb.
             Slain by a nagaraja
             ... wielding a +0 whip
              (6 damage)
             ... on level 4 of the Snake Pit.
             The game lasted 00:11:38 (12512 turns).

Flugslaktarn the Severer (Deep Dwarf Fighter)      Turns: 12512, Time: 00:11:38

Health: -2/140     AC: 31    Str: 26    XL:     15   Next: 24%
Magic:  14/14      EV:  6    Int:  9    God:    Makhleb [******]
Gold:   1593       SH: 13    Dex: 12    Spells: 14/14 levels left

rFire    + . .     SeeInvis +   j - +5 broad axe (vorpal)
rCold    . . .     Gourm    .   c - +0 kite shield
rNeg     + . .     Faith    +   b - +4 plate armour
rPois    .         Spirit   .   R - +0 helmet {SInv}
rElec    .         Reflect  .   s - +1 cloak {rF+}
rCorr    .         Harm     .   F - +2 pair of gloves
MR       +++..                  i - +2 pair of boots
Stlth    ..........             h - amulet of faith
HPRegen  0.00/turn              v - +2 ring of evasion
MPRegen  0.14/turn              m - ring of protection from magic

@: lethally poisoned (-2 -> -126), non-regenerating, constricted
A: damage resistance, heal wounds, negative energy resistance 1, sense
surroundings 2, no regeneration
a: Heal Wounds, Minor Destruction, Lesser Servant of Makhleb, Major Destruction,
Greater Servant of Makhleb, Renounce Religion


You were on level 4 of the Snake Pit.
You worshipped Makhleb.
Makhleb was exalted by your worship.
You were not hungry.

You visited 4 branches of the dungeon, and saw 22 of its levels.
You also visited: Volcano.

You collected 1995 gold pieces.
You spent 402 gold pieces at shops.

Inventory:

Hand Weapons
 j - a +5 vorpal broad axe (weapon)
   (You acquired it on level 3 of the Lair of Beasts)
 u - a +1 vampiric hand axe
   (You found it on level 10 of the Dungeon)
 y - a +3 war axe of electrocution
   (You took it off an orc on level 6 of the Dungeon)
Missiles
 K - a throwing net (quivered)
Armour
 b - a +4 plate armour (worn)
   (You took it off an orc warrior on level 9 of the Dungeon)
 c - a +0 kite shield (worn)
 i - a +2 pair of boots (worn)
   (You found it on level 1 of the Dungeon)
 s - a +1 cloak of fire resistance (worn)
   (You found it in a volcano)
 F - a +2 pair of gloves (worn)
   (You found it on level 7 of the Dungeon)
 G - the +1 cloak of the Curious Demons {Int+3 Dex+2}
   (You found it on level 6 of the Dungeon)

   It affects your intelligence (+3).
   It affects your dexterity (+2).
   If you switch to wearing this armour, your AC will remain unchanged.
 J - a +1 pair of boots of flying
   (You bought it in a shop on level 9 of the Dungeon)
 R - a +0 helmet of see invisible (worn)
   (You found it on level 5 of the Lair of Beasts)
Jewellery
 f - an uncursed ring of protection from fire
   (You found it on level 1 of the Lair of Beasts)
 h - an amulet of faith (around neck)
   (You found it on level 1 of the Dungeon)
 l - an uncursed amulet of the gourmand {unknown}
   (You found it on level 2 of the Dungeon)
 m - a ring of protection from magic (right hand)
   (You found it on level 4 of the Lair of Beasts)
 v - a +2 ring of evasion (left hand)
   (You found it on level 5 of the Lair of Beasts)
Wands
 p - a wand of enslavement (8)
   (You found it on level 4 of the Lair of Beasts)
 O - a wand of iceblast (26)
   (You took it off Ijyb on level 3 of the Dungeon)
Scrolls
 a - 2 scrolls of torment
 g - 5 scrolls of remove curse
 r - 9 scrolls of identify
 t - 7 scrolls of teleportation
 x - 2 scrolls of fog
 z - 2 scrolls of blinking
 C - 2 scrolls of fear
 D - a scroll of magic mapping
 M - a scroll of summoning
 T - a scroll of enchant weapon
 V - a scroll of enchant armour
Potions
 d - 7 potions of might
 o - 6 potions of mutation
 q - 12 potions of curing
 w - 2 potions of heal wounds
 A - 3 potions of ambrosia
 B - 7 potions of stabbing
 E - a potion of magic
 I - 3 potions of brilliance
 L - 2 potions of berserk rage
 N - 3 potions of resistance
 Q - 2 potions of flight
 U - a potion of haste {unknown}
Comestibles
 e - 17 rations
 k - 6 chunks of flesh


   Skills:
 + Level 10.8 Fighting
 * Level 16.9 Axes
 + Level 12.6 Armour
 + Level 12.6 Shields
 + Level 13.5 Invocations


You had 14 spell levels left.
You didn't know any spells.
Your spell library was empty.

Dungeon Overview and Level Annotations

Branches:
Dungeon (11/15)            Temple (1/1) D:4            Lair (6/6) D:11
 Shoals (0/4) Lair:3        Snake (4/4) Lair:3      Volcano (visited)
  Slime: Lair:5-6       Orc: D:9-12

Altars:
Ashenzari
Cheibriados
Dithmenos
Fedhas
Hepliaklqana
Kikubaaqudgha
Makhleb
Nemelex Xobeh
Okawaru
Qazlal
Ru
Sif Muna
Trog
Uskayaw
Vehumet
Wu Jian
Xom
Zin

Shops:
D:4 }   D:9 *[[

Portals:
Trove: D:10 (show slimy rune of Zot)

Annotations:
D:5 2 transporters
Lair:5 2 transporters, Lunath's ghost, journeyman FeBe
Lair:6 exclusion: 2 oklob plants


Innate Abilities, Weirdness & Mutations

You are resistant to damage.
You can heal yourself by infusing magical energy.
You resist negative energy. (rN+)
You passively map the area around you.
You do not regenerate.


Message History

You hit the guardian serpent but do no damage.
You hit the nagaraja but do no damage. You hit the black mamba.
You kill the black mamba!
Makhleb accepts your kill.
You feel extremely sick. The nagaraja casts a spell at you.
The bolt of poison hits you!!
You are more poisoned.
* * * LOW HITPOINT WARNING * * *
The bolt of poison hits the guardian serpent.
You block the nagaraja's attack.
The guardian serpent hits you but does no damage.
You block the nagaraja's attack. The nagaraja constricts you.
The naga ritualist casts a spell at you.
You resist with almost no effort. The guardian serpent hits you!
* * * LOW HITPOINT WARNING * * *
The guardian serpent hits you!
* * * LOW HITPOINT WARNING * * *
The nagaraja hits you with a +0 whip!
You die...

, * * , * *, * *,
, * , ** ###+### *
, ####.....####
###...........# ,
* ,
##..............,
, ,
,#....NN.........
, , , ,
,##...SSNN........
*, , ,
#..S.SN@S........
#.....SNS........
, ,
.........<.......
,, , ,
#.........#+#....
, ,,##.........
,,... ,, ,
..##........, * .,
###....... , * ,
####...## ,, , , ,
,, ,,.#.#., ,


You could see a naga warrior, 3 nagarajas, a naga ritualist, 6 guardian
serpents, a black mamba and a naga.

Vanquished Creatures
  Nikola (Snake:3)
  Frances (Snake:1)
  A nagaraja (Snake:4)
  Josephine (D:10)
  Harold (D:9)
  2 naga warriors (Snake:1)
  Fannar (D:10)
  4 anacondas (Snake:1)
  2 centaur warriors (D:10)
  5 two-headed ogres
  2 shock serpents
  2 naga sharpshooters (Snake:2)
  Sonja (D:11)
  An unseen horror (D:10)
  A salamander mystic (Snake:3)
  2 naga ritualists (Snake:1)
  4 lindwurms (Lair:5)
  Pikel (D:4)
  2 mana vipers
  2 ugly things (D:11)
  6 salamanders
  A wolf spider (Lair:6)
  A cyclops (D:11)
  A centaur zombie (D:10)
  2 naga magi (Snake:1)
  20 elephants
  4 guardian serpents
  24 black mambas
  Psyche (D:10)
  Joseph (D:9)
  4 rime drakes
  21 spiny frogs
  A molten gargoyle (Volcano)
  Maggie (Lair:1)
  8 komodo dragons
  2 trolls
  2 hornets (Lair:6)
  3 blink frogs (Lair:6)
  A snapping turtle (Lair:3)
  7 dream sheep (Lair:5)
  8 hippogriffs
  A redback (Lair:6)
  A shadow (D:11)
  10 wyverns (Lair:6)
  3 wraiths (D:10)
  2 fire bats (Volcano)
  34 yaks
  4 basilisks
  A hungry ghost (D:10)
  12 nagas
  A soldier ant (D:11)
  16 water moccasins
  A hell hound (Volcano)
  13 porcupines
  6 orc warriors
  A sky beast (D:6)
  5 ice beasts
  A slave (D:4)
  4 black bears
  4 wolves (Lair:3)
  5 ogres
  3 phantoms
  A necrophage (D:10)
  6 centaurs
  12 crocodiles
  2 big kobolds
  11 bullfrogs
  7 scorpions
  3 wights (D:7)
  6 killer bees (D:11)
  An electric eel (Lair:3)
  A howler monkey (D:7)
  3 crimson imps
  A quasit (D:5)
  A bullfrog skeleton (D:4)
  8 hounds
  2 jellies
  5 orc priests
  Ijyb (D:3)
  6 iguanas
  12 orc wizards
  8 worker ants
  3 hound zombies
  A hound skeleton (D:11)
  3 worker ant zombies
  A howler monkey skeleton (D:8)
  11 gnolls
  10 adders
  An ooze (D:3)
  2 adder zombies (D:6)
  2 adder skeletons
  4 worms
  4 dart slugs
  4 leopard geckos
  59 orcs
  2 bats (D:1)
  3 giant cockroaches
  A goblin (D:2)
  4 hobgoblins
  5 jackals
  3 quokkas
  A ball python zombie (D:5)
  2 frilled lizards
  A jackal skeleton (D:5)
  12 kobolds
  5 rats
  A bush (Lair:6)
  10 fungi
  5 plants
541 creatures vanquished.

Vanquished Creatures (collateral kills)
  4 hydras
  A spiny frog (Lair:2)
  A hungry ghost (D:11)
  A water moccasin (Lair:2)
  A centaur (D:11)
  A crimson imp (D:11)
  A worm (D:11)
  A fungus (Lair:4)
  A plant (Lair:6)
12 creatures vanquished.

Vanquished Creatures (others)
  A wraith (D:10)
  A naga (Snake:4)
  A slave (D:4)
  A centaur (Volcano)
  An iguana (D:4)
  2 fungi (Lair:6)
  4 plants (Lair:6)
11 creatures vanquished.

Grand Total: 564 creatures vanquished

Notes
Turn   | Place    | Note
-------+----------+-------------------------------------------
     0 | D:1      | Flugslaktarn the Deep Dwarf Fighter began the quest for the
                  | Orb.
     0 | D:1      | Reached XP level 1. HP: 20/20 MP: 1/1
    46 | D:1      | Reached XP level 2. HP: 27/27 MP: 2/2
   259 | D:3      | Reached skill level 3 in Axes
   271 | D:3      | Noticed Ijyb
   286 | D:3      | Reached XP level 3. HP: 32/34 MP: 3/3
   299 | D:3      | Killed Ijyb
   331 | D:3      | Reached XP level 4. HP: 37/42 MP: 4/4
   450 | D:4      | Found Faajapyn's Gadget Boutique.
   569 | D:4      | Reached skill level 4 in Axes
   569 | D:4      | Reached XP level 5. HP: 43/49 MP: 5/5
   669 | D:4      | Reached XP level 6. HP: 36/56 MP: 6/6
   848 | D:4      | Noticed a slave
   871 | D:4      | Killed a slave
   873 | D:4      | Noticed a slave
   877 | D:4      | Noticed Pikel
   879 | D:4      | Noticed a slave
   881 | D:4      | Noticed a slave
   901 | D:4      | Killed Pikel
   901 | D:4      | Reached skill level 6 in Axes
   901 | D:4      | Reached skill level 5 in Armour
   901 | D:4      | Reached skill level 5 in Shields
   901 | D:4      | Reached XP level 7. HP: 29/64 MP: 7/7
   916 | D:4      | Identified the Handbook of Dark Toxins
  1156 | D:4      | Found a bloodstained altar of Trog.
  1219 | D:4      | Found a staircase to the Ecumenical Temple.
  1253 | Temple   | Entered the Ecumenical Temple
  1278 | Temple   | Became a worshipper of Makhleb the Destroyer
  1531 | D:5      | Entered Level 5 of the Dungeon
  1531 | D:5      | Found a stormy altar of Qazlal.
  1553 | D:5      | Reached skill level 1 in Invocations
  1589 | D:5      | Reached XP level 8. HP: 61/73 MP: 8/8
  1794 | D:5      | Found a shattered altar of Ashenzari.
  1863 | D:5      | Found a transporter.
  1876 | D:5      | Noticed a troll
  1877 | D:5      | Found a transporter.
  1888 | D:5      | Reached skill level 7 in Axes
  1972 | D:5      | Reached * piety under Makhleb
  2085 | D:5      | Found a radiant altar of Vehumet.
  2085 | D:5      | Found an ancient bone altar of Kikubaaqudgha.
  2446 | D:6      | Noticed a +0 dagger
  2446 | D:6      | Noticed a +0 hand axe
  2447 | D:6      | Found a hide-covered altar of Uskayaw.
  2480 | D:6      | Got a translucent cloak
  2486 | D:6      | Identified the +1 cloak of the Curious Demons {Int+3 Dex+2}
                  | (You found it on level 6 of the Dungeon)
  2525 | D:6      | Reached skill level 5 in Fighting
  2627 | D:6      | Reached ** piety under Makhleb
  2687 | D:6      | Reached skill level 8 in Axes
  2761 | D:6      | Gained mutation: You passively map the area around you.
                  | [Deep Dwarf growth]
  2761 | D:6      | Reached XP level 9. HP: 33/81 MP: 10/10
  3200 | D:6      | Found an iron altar of Okawaru.
  3369 | D:7      | Reached skill level 9 in Axes
  3461 | D:7      | Found a snail-covered altar of Cheibriados.
  3518 | D:7      | Reached skill level 5 in Invocations
  3654 | D:7      | Found a hazy altar of Hepliaklqana.
  3905 | D:8      | Found a shadowy altar of Dithmenos.
  4314 | D:9      | Noticed a troll
  4321 | D:9      | Killed a troll
  4413 | D:9      | Found Migazxysk's Armour Boutique.
  4424 | D:9      | Reached *** piety under Makhleb
  4424 | D:9      | Reached XP level 10. HP: 76/91 MP: 13/13
  4430 | D:9      | Reached skill level 10 in Axes
  4431 | D:9      | Noticed Harold
  4445 | D:9      | Killed Harold
  4574 | D:9      | Found Unwudghia's Assorted Antiques.
  4587 | D:9      | Bought a scroll labeled TYIMPITUUQ for 34 gold pieces
  4587 | D:9      | Bought a scroll labeled PINLEF GASYOJI for 34 gold pieces
  4587 | D:9      | Bought a scroll labeled ITSEH HERAL for 34 gold pieces
  4587 | D:9      | Bought a bubbling brown potion for 30 gold pieces
  4587 | D:9      | Bought a red potion for 30 gold pieces
  4587 | D:9      | Bought a bubbling brown potion for 30 gold pieces
  4683 | D:9      | Reached **** piety under Makhleb
  4769 | D:9      | Noticed Joseph
  4770 | D:9      | Noticed a two-headed ogre
  4771 | D:9      | Found Geint's Antique Armour Emporium.
  4780 | D:9      | Killed Joseph
  4781 | D:9      | Killed a two-headed ogre
  4781 | D:9      | Reached skill level 11 in Axes
  4919 | D:10     | Entered Level 10 of the Dungeon
  4953 | D:10     | Noticed Psyche
  4954 | D:10     | Noticed Fannar
  4960 | D:10     | Killed Psyche
  4960 | D:10     | Reached XP level 11. HP: 66/100 MP: 15/15
  5019 | D:10     | Killed Fannar
  5031 | D:10     | Killed an unseen horror
  5062 | D:9      | Bought a pair of runed boots for 210 gold pieces
  5123 | D:10     | Found a portal to a secret trove of treasure.
  5268 | D:10     | Noticed a centaur warrior
  5273 | D:10     | Noticed a centaur warrior
  5275 | D:10     | Killed a centaur warrior
  5293 | D:10     | Killed a centaur warrior
  5293 | D:10     | Reached skill level 12 in Axes
  5367 | D:10     | Reached ***** piety under Makhleb
  5391 | D:10     | Noticed Josephine
  5393 | D:10     | Noticed a two-headed ogre
  5398 | D:10     | Killed Josephine
  5404 | D:10     | Killed a two-headed ogre
  5862 | D:11     | Noticed a seven-headed hydra
  5919 | D:11     | HP: 3/103 [15-headed hydra (5)]
  5923 | D:11     | Killed a 15-headed hydra
  5923 | D:11     | Reached XP level 12. HP: 66/110 MP: 12/14
  6019 | D:11     | Noticed Sonja
  6039 | D:11     | Killed Sonja
  6051 | D:11     | Reached skill level 13 in Axes
  6247 | D:11     | Found a staircase to the Lair.
  6259 | Lair:1   | Entered Level 1 of the Lair of Beasts
  6384 | Lair:1   | Reached skill level 10 in Armour
  6407 | Lair:1   | Reached skill level 10 in Shields
  6407 | Lair:1   | Reached skill level 10 in Invocations
  6527 | Lair:1   | Noticed Maggie
  6536 | Lair:1   | Killed Maggie
  7642 | Lair:2   | Noticed a six-headed hydra
  7666 | Lair:2   | Killed an 18-headed hydra
  7701 | Lair:2   | Reached skill level 14 in Axes
  8127 | Lair:3   | Reached XP level 13. HP: 92/121 MP: 14/14
  8168 | Lair:3   | Found a dark tunnel.
  8255 | Lair:3   | Found a staircase to the Snake Pit.
  8291 | Volcano  | Entered a volcano
  8521 | Lair:3   | Identified 2 scrolls of acquirement
  8622 | Lair:3   | Reached ****** piety under Makhleb
  8920 | Lair:3   | Found a staircase to the Shoals.
  9084 | Lair:3   | Identified the ring "Gietemar" {Int+2 Stlth+} (You acquired
                  | it on level 3 of the Lair of Beasts)
  9995 | Lair:5   | Identified the +6 trident of Income {elec, +Inv Str+2 SInv}
  9999 | Lair:5   | Noticed Lunath's ghost (journeyman FeBe)
 10068 | Lair:5   | Found a transporter.
 10070 | Lair:5   | Found a transporter.
 10254 | Lair:5   | Reached skill level 15 in Axes
 10366 | Lair:5   | Identified Sif Muna's Reference Book on Confrontation and
                  | Earth
 10407 | Lair:6   | Entered Level 6 of the Lair of Beasts
 10569 | Lair:6   | Gained mutation: You resist negative energy. (rN+) [Deep
                  | Dwarf growth]
 10569 | Lair:6   | Reached XP level 14. HP: 130/130 MP: 16/16
 10663 | Lair:6   | Reached skill level 10 in Fighting
 11320 | Lair:6   | Reached skill level 16 in Axes
 11709 | Snake:1  | Entered Level 1 of the Snake Pit
 11727 | Snake:1  | Noticed Frances
 11755 | Snake:1  | Killed Frances
 12391 | Snake:2  | Reached XP level 15. HP: 140/140 MP: 14/14
 12436 | Snake:3  | Noticed Nikola
 12465 | Snake:3  | Killed Nikola
 12499 | Snake:4  | Entered Level 4 of the Snake Pit
 12499 | Snake:4  | Noticed a nagaraja
 12499 | Snake:4  | Noticed a nagaraja
 12499 | Snake:4  | Noticed a nagaraja
 12499 | Snake:4  | Noticed a nagaraja
 12509 | Snake:4  | Killed a nagaraja
 12512 | Snake:4  | HP: 4/140 [guardian serpent (11)]
 12512 | Snake:4  | Slain by a nagaraja

Levels and vault maps discovered:
D:1:      heliophobic_arrival_henge, layout_loops_ring, serial_bayou_pond_b,
          chequers_serial_rivers_room_a, hangedman_decor_clover_reticule
D:2:      wander_river, layout_loops_ring, first_ration, uniq_sigmund,
          uniq_crazy_yiuf_cottage
D:3:      layout_basic, nicolae_qazlal_style_of_elements, uniq_ijyb
D:4:      layout_basic, bloody_trog, minmay_temple_entry_metal_lava,
          serial_shops, nicolae_shop_crystal, uniq_pikel
D:5:      layout_loops_corners, gammafunk_temple_overflow_arena,
          lemuel_crystal_altar, basic_altar
D:6:      layout_gridville, okawaru_metal_pillars_1_2, dancing_weapons_uskayaw
D:7:      layout_cave_pools, lemuel_coloured_pillars_altar, slow_altar_1
D:8:      layout_loops_ring, grunt_dithmenos_shadows
D:9:      layout_gridville, serial_shops, shop_fountains, kennysheep_mini_moat,
          shop, minmay_misc_feat_four_crosses, uniq_joseph, uniq_harold
D:10:     layout_basic, enter_bailey_2, enter_trove_6, uniq_fannar,
          uniq_josephine, uniq_psyche
D:11:     layout_gridville, grunt_lair_entry_orc_guard_hut,
          hangedman_pestilent_swarm, uniq_sonja
Temple:   nicolae_temple_god_jail
Lair:1:   layout_small_grid, nicolae_quartered_pool_little, uniq_maggie
Lair:2:   layout_regular_city, nzn_random_ring
Lair:3:   layout_gridlike, minmay_shoals_entry_hut, guppyfry_snake_entry_island,
          nicolae_volcano_entry_hallway, chequers_serial_rivers_micro_b,
          infiniplex_staircase_pool
Lair:4:   layout_cave_pods
Lair:5:   layout_regular_city, dpeg_slime_entry_enclosed_altar,
          gammafunk_ghost_wrathful_warriors, chequers_serial_rivers_small_a,
          minmay_lindwurm_lava, lemuel_fruit_fields
Lair:6:   hangedman_lair_tendril_chambers, layout_gridlike, dpeg_oklob_1
Snake:1:  layout_concentric_octagons, grunt_megastairs_1, uniq_frances
Snake:2:  layout_misc_corridors, minmay_shop_star, lemuel_fruit_tree
Snake:3:  layout_concentric_octagons, grunt_megastairs_3, minmay_shop_grove,
          uniq_nikola
Snake:4:  snake_hunt, layout_cave_shapes, serial_shops, shop,
          grunt_ministairs_6, serial_bayou_pond_a, abandoned_shop,
          lightli_airlock, uniq_aizul

Skill      XL: |  1  2  3  4  5  6  7  8  9 10 11 12 13 14 |
---------------+-------------------------------------------+-----
Axes           | 3 4 6 8 9 11 12 14 15 16 | 16.9
Fighting       | 3 4 5 6 7 8 9 10 | 10.8
Armour         | 4 5 6 7 8 9 10 11 12 | 12.6
Shields        | 4 5 6 7 8 9 10 11 12 | 12.6
Invocations    | 1 3 5 7 9 10 12 13 | 13.5

Action                   |  1- 3 |  4- 6 |  7- 9 | 10-12 | 13-15 || total
-------------------------+-------+-------+-------+-------+-------++-------
Melee: War axe           |    75 |   169 |   405 |   537 |   127 ||  1313
       Broad axe         |       |       |       |       |   605 ||   605
Invok: Lesser Servant of |       |       |       |     9 |     5 ||    14
 Abil: Heal Wounds       |     1 |     3 |     9 |    17 |    11 ||    41
Evoke: Wand              |       |       |       |     1 |       ||     1
  Use: Scroll            |       |       |       |    23 |    13 ||    36
       Potion            |       |       |       |     4 |     3 ||     7
 Stab: Distracted        |       |       |       |     1 |     1 ||     2
  Eat: Chunk             |       |       |    13 |    12 |    12 ||    37
       Ration            |       |       |       |     2 |     1 ||     3
Armor: Scale mail        |    24 |    57 |       |       |       ||    81
       Plate armour      |       |    21 |   282 |   554 |   473 ||  1330
Dodge: Dodged            |    18 |    44 |    82 |   172 |   184 ||   500
Block: Kite shield       |    41 |    66 |   269 |   414 |   512 ||  1302

Table legend:
 A = Non-vault XP
 B = Vault XP
 C = Vault XP percentage of total XP
 D = Non-vault monster count
 E = Vault monster count
 F = Vault count percentage of total count
                 A         B        C        D         E       F
            +---------+---------+-------+---------+---------+-------
      Total |   78674 |   36297 |  31.6 |     441 |      96 |  17.9
            +---------+---------+-------+---------+---------+-------
        D:1 |      10 |      10 |  50.0 |       5 |       5 |  50.0
        D:2 |      15 |       0 |   0.0 |       6 |       0 |   0.0
        D:3 |      43 |      38 |  46.9 |      11 |       1 |   8.3
        D:4 |     489 |     607 |  55.4 |      33 |       1 |   2.9
        D:5 |     670 |       0 |   0.0 |      30 |       0 |   0.0
        D:6 |    1545 |       0 |   0.0 |      38 |       0 |   0.0
        D:7 |     688 |       5 |   0.7 |      13 |       1 |   7.1
        D:8 |     422 |     129 |  23.4 |      15 |       1 |   6.2
        D:9 |    4454 |    1420 |  24.2 |      51 |       2 |   3.8
       D:10 |    7604 |    3110 |  29.0 |      42 |       6 |  12.5
       D:11 |    4632 |    1408 |  23.3 |      31 |       8 |  20.5
     Lair:1 |    3938 |     395 |   9.1 |      17 |       1 |   5.6
     Lair:2 |    2889 |    3364 |  53.8 |      13 |      14 |  51.9
     Lair:3 |    5790 |     748 |  11.4 |      22 |       4 |  15.4
     Lair:4 |    3178 |       0 |   0.0 |      12 |       0 |   0.0
     Lair:5 |    5997 |    2567 |  30.0 |      22 |       4 |  15.4
     Lair:6 |   13922 |    9949 |  41.7 |      38 |      33 |  46.5
    Snake:1 |   14829 |    2260 |  13.2 |      28 |       1 |   3.4
    Snake:2 |    3872 |       0 |   0.0 |       7 |       0 |   0.0
    Snake:3 |    3251 |    4283 |  56.8 |       6 |       2 |  25.0
    Snake:4 |     436 |    2708 |  86.1 |       1 |       4 |  80.0
    Volcano |       0 |    3296 | 100.0 |       0 |       8 | 100.0
            +---------+---------+-------+---------+---------+-------
